 Dungeon Crawl Stone Soup version 0.29.1-15-g9cfb28693d (webtiles) character file.

Game seed: 11701572179797188174

101 Artool the Ducker (level 4, 0/34 HPs)
             Began as a Demonspawn Gladiator on Apr 5, 2023.
             Killed from afar by Sigmund (2 damage)
             ... with a puff of flame
             ... on level 3 of the Dungeon.
             The game lasted 00:02:04 (2434 turns).

Artool the Ducker (Demonspawn Gladiator)            Turns: 2434, Time: 00:02:05

Health: 0/34       AC:  4    Str: 14    XL:     4   Next: 48%
Magic:  0/4        EV: 15    Int:  9    God:
Gold:   83         SH:  0    Dex: 17    Spells: 3/3 levels left

rFire   . . .      SeeInvis .   j - +2 whip (elec)
rCold   . . .      Faith    .   (no shield)
rNeg    . . .      Spirit   +   b - +0 leather armour
rPois   .          Reflect  .   c - +0 helmet
rElec   .          Harm     .   (no cloak)
rCorr   .          Rampage  .   (no gloves)
Will    .....                   (no boots)
Stlth   +.........              (no amulet)
HPRegen 0.11/turn               (no ring)
MPRegen 0.18/turn               (no ring)

@: no status effects
A: repulsion field 1, magic shield, magic regeneration
a: no special abilities


You were on level 3 of the Dungeon.
You visited 1 branch of the dungeon, and saw 3 of its levels.

You collected 83 gold pieces.

Inventory:

Hand Weapons
 a - a +0 flail
 g - a +0 whip
 j - a +2 whip of electrocution (weapon)
Missiles
 d - 3 throwing nets (quivered)
 e - a javelin
Armour
 b - a +0 leather armour (worn)
 c - a +0 helmet (worn)
Wands
 r - a wand of flame (23)
Scrolls
 h - 2 scrolls of enchant armour {unknown}
 k - a scroll of teleportation {unknown}
 l - a scroll of amnesia {unknown}
 m - a scroll of identify {unknown}
 n - 2 scrolls of noise {unknown}
 q - a scroll of magic mapping {unknown}
Potions
 f - a potion of brilliance {unknown}
 i - 2 potions of berserk rage {unknown}
 o - a potion of might {unknown}
 p - 2 potions of heal wounds {unknown}
 s - a potion of magic {unknown}
 t - a potion of curing {unknown}


   Skills:
 + Level 2.8 Fighting
 + Level 3.3 Maces & Flails
 - Level 1.7 Throwing
 + Level 1.6 Armour
 + Level 3.3 Dodging


You had 3 spell levels left.
You didn't know any spells.
Your spell library contained the following spells:

 Spells                   Type           Power      Damage    Failure   Level
 Magic Dart               Conj           0%         1d3       45%         1
 Searing Ray              Conj           0%         2d4       58%         2
 Fulminant Prism          Conj/Hex       0%         3d6       99%         4


Dungeon Overview and Level Annotations

Branches:
Dungeon (3/15)

Altars:

Annotations:
D:3 Sigmund


Innate Abilities, Weirdness & Mutations

You are surrounded by a mild repulsion field. (EV +2)
When hurt, damage is shared between your health and your magic reserves.
You regenerate magic rapidly.


Message History

You hit Sigmund.
Sigmund is severely wounded.
Sigmund misses you.
You completely miss Sigmund.
Sigmund is severely wounded.
Sigmund closely misses you.
You hit Sigmund.
Sigmund is almost dead.
You barely miss Sigmund.
Sigmund is almost dead.
Sigmund gestures at you while chanting. The magic dart hits you.
You closely miss Sigmund.
Sigmund is almost dead.
Sigmund gestures at you while chanting.
You are confused.
You closely miss Sigmund.
Sigmund is almost dead.
Sigmund points at you and mumbles some strange words.
The magic dart hits you.
You bump into the rock wall.
Sigmund mumbles some strange words.
Sigmund flickers and vanishes!
Deactivating autopickup; reactivate with Ctrl-A.
You completely miss something. Something hits you. Something hits you!
* * * LOW HITPOINT WARNING * * *
You bump into the rock wall.
You hear some strange, mumbled words.
Something tries to affect you, but you resist.
You're too confused to move!
You hear some strange, mumbled words.
A puff of flame appears from out of thin air!
The puff of flame hits you!
* * * LOW HITPOINT WARNING * * *
You feel less confused.
You hear some strange, mumbled words.
A puff of flame appears from out of thin air!
The puff of flame hits you.
You die...

###
####.############
#....##.........#
#.##.#..#####.#.#
#.##....#...#.#.#
##.##.#..'.⌠.'.#)#
...##.##.#...#.#.#
#####.##.#####.#@##
#.............#
#############{#
#########.... .#
...........## .#
#####........ ..
#.......... .#
###.#.######. .#
........... .#


There were no monsters in sight!

Vanquished Creatures
  Jessica (D:3)
  2 adders (D:2)
  4 dart slugs
  6 orcs (D:3)
  7 endoplasms
  3 goblins
  4 hobgoblins
  3 kobolds
  A quokka (D:2)
  5 ball pythons
  A bat (D:1)
  2 frilled lizards
  3 rats (D:2)
42 creatures vanquished.

Notes
Turn   | Place    | Note
-------+----------+-------------------------------------------
     0 | D:1      | Artool the Demonspawn Gladiator began the quest for the
                  | Orb.
     0 | D:1      | Reached XP level 1. HP: 16/16 MP: 1/1
   312 | D:1      | Gained mutation: You regenerate magic rapidly. [demonic
                  | ancestry]
   312 | D:1      | Reached XP level 2. HP: 17/22 MP: 2/2
   493 | D:1      | HP: 1/22 [kobold/+2 whip of electrocution (9)]
  1639 | D:2      | Found a faded altar of an unknown god.
  1650 | D:2      | Reached skill level 1 in Armour
  1720 | D:2      | Gained mutation: You are surrounded by a mild repulsion
                  | field. (EV +2) [demonic ancestry]
  1720 | D:2      | Reached XP level 3. HP: 23/28 MP: 3/3
  2024 | D:3      | Noticed Jessica
  2028 | D:3      | Killed Jessica
  2029 | D:3      | Gained mutation: When hurt, damage is shared between your
                  | health and your magic reserves. [demonic ancestry]
  2029 | D:3      | Reached XP level 4. HP: 34/34 MP: 4/4
  2413 | D:3      | Noticed Sigmund
  2433 | D:3      | HP: 1/34 [something/puff of flame (9)]
  2434 | D:3      | Killed from afar by Sigmund

Illustrated notes

Levels and vault maps discovered:
D:1:      dpeg_arrival_central, layout_loops_cross
D:2:      layout_basic, ebering_ecumenical_altar_sacrificial
D:3:      minmay_thinvault, layout_basic, mainiacjoe_overflow_small_starburst,
          minmay_misc_feat_room, kennysheep_path_1, uniq_natasha, uniq_jessica,
          uniq_sigmund

Skill      XL: |  1  2 |
---------------+-------+-----
Maces & Flails | 3 |  3.3
Dodging        | 3 |  3.3
Armour         | 1 |  1.6
Fighting       | |  2.8
Throwing       | |  1.7

Action                   |  1- 3 |  4- 6 || total
-------------------------+-------+-------++-------
Melee: Flail             |     9 |       ||     9
       Whip              |    84 |    41 ||   125
       Punch             |     2 |       ||     2
 Stab: Sleeping          |     2 |       ||     2
Armor: Leather armour    |    19 |     3 ||    22
Dodge: Dodged            |    52 |    24 ||    76
